 Dungeon Crawl Stone Soup version 0.23.1-37-gaa34b87b72 (webtiles) character file.

Game seed: 18278349856459350468

336 Norn the Slinger (level 6, 0/42 HPs)
             Began as a Halfling Hunter on Mar 23, 2019.
             Was a Follower of Okawaru.
             Slain by Grinder (7 damage)
             ... on level 3 of the Dungeon.
             The game lasted 00:11:01 (3369 turns).

Norn the Slinger (Halfling Hunter)                  Turns: 3369, Time: 00:11:01

Health: 0/42       AC:  3    Str: 13    XL:     6   Next: 84%
Magic:  6/6        EV: 16    Int: 11    God:    Okawaru [*.....]
Gold:   102        SH:  0    Dex: 15    Spells: 5/5 levels left

rFire    . . .     SeeInvis .   a - +1 hunting sling
rCold    . . .     Gourm    .   (shield restricted)
rNeg     . . .     Faith    .   c - +0 leather armour
rPois    .         Spirit   .   (no helmet)
rElec    .         Reflect  .   (no cloak)
rCorr    .         Harm     .   (no gloves)
MR       .....                  (no boots)
Stlth    ++........             (no amulet)
HPRegen  0.14/turn              (no ring)
MPRegen  0.10/turn              (no ring)

@: no status effects
A: small, mutation resistance 1
a: Heroism, Renounce Religion


You were on level 3 of the Dungeon.
You worshipped Okawaru.
Okawaru was aware of your devotion.
You were hungry.

You visited 1 branch of the dungeon, and saw 3 of its levels.

You collected 102 gold pieces.

Inventory:

Hand Weapons
 a - a +1 hunting sling (weapon)
 b - a +0 short sword
 m - a +0 dagger of freezing
   (You took it off a goblin on level 1 of the Dungeon)
Missiles
 d - 21 sling bullets (quivered)
 f - 12 poisoned needles
 i - 4 needles of paralysis
 n - 116 stones
Armour
 c - a +0 leather armour (worn)
Scrolls
 h - 3 scrolls of remove curse {unknown}
 j - 3 scrolls of identify {unknown}
 k - a scroll of teleportation {unknown}
 l - a scroll of fear {unknown}
 o - a scroll of noise {unknown}
 r - a scroll of enchant armour {unknown}
Potions
 g - 2 potions of resistance
 p - a potion of curing {unknown}
 q - a potion of flight {unknown}
Comestibles
 e - 7 rations {!d}


   Skills:
 + Level 3.3 Fighting
 * Level 8.8 Slings
 + Level 4.1 Dodging
 - Level 1.1 Stealth


You had 5 spell levels left.
You didn't know any spells.
Your spell library was empty.

Dungeon Overview and Level Annotations

Branches:
Dungeon (3/15)

Altars:
Fedhas
Okawaru
Ru
The Shining One

Annotations:
D:2 1 runed translucent door, Crazy Yiuf
D:3 Grinder


Innate Abilities, Weirdness & Mutations

You are small and have problems with some larger weapons.
You are somewhat resistant to further mutation.


Message History

The sling bullet closely misses the leopard gecko.
Firing (i - inventory. (/) - cycle)
d - 29 sling bullets (quivered)
Aim: a leopard gecko (moderately wounded, clinging)
You shoot a sling bullet.
The sling bullet barely misses the leopard gecko.
Firing (i - inventory. (/) - cycle)
d - 28 sling bullets (quivered)
Aim: a leopard gecko (moderately wounded)
You shoot a sling bullet.
The sling bullet hits the leopard gecko but does no damage.
Firing (i - inventory. (/) - cycle)
d - 27 sling bullets (quivered)
Aim: a leopard gecko (moderately wounded)
You shoot a sling bullet.
The sling bullet hits the leopard gecko.
You kill the leopard gecko!
Okawaru accepts your kill.
Firing (i - inventory. (/) - cycle)
d - 26 sling bullets (quivered)
Aim: Grinder You shoot a sling bullet.
The sling bullet hits Grinder!
Firing (i - inventory. (/) - cycle)
d - 25 sling bullets (quivered)
Aim: Grinder (moderately wounded)
You shoot a sling bullet. The sling bullet barely misses Grinder.
Grinder gestures at you. Pain shoots through your body!
Firing (i - inventory. (/) - cycle)
d - 24 sling bullets (quivered)
Aim: Grinder (moderately wounded)
You shoot a sling bullet.
The sling bullet closely misses Grinder.
Firing (i - inventory. (/) - cycle)
d - 23 sling bullets (quivered)
Aim: Grinder (moderately wounded)
You shoot a sling bullet. The sling bullet hits Grinder!
Grinder gestures at you.
You suddenly lose the ability to move!
Grinder blinks!
Grinder gestures at you. Pain shoots through your body!
Grinder hits you but does no damage. Grinder gestures at you.
Pain shoots through your body! Grinder hits you!
You writhe in agony.
Grinder hits you!
* * * LOW HITPOINT WARNING * * *
You writhe in agony.
* * * LOW HITPOINT WARNING * * *
Grinder hits you.
* * * LOW HITPOINT WARNING * * *
You can move again.
Firing (i - inventory. (/) - cycle)
d - 22 sling bullets (quivered)
Aim: Grinder (heavily wounded)
You shoot a sling bullet. The sling bullet hits Grinder.
Grinder hits you!
You die...

#.....................
#.....................
#.....................
#.......#............[
#.).....####...##..###
#######..##....#####....
#...(>......##.# ###..
........5...###.
..(.(...@...#
.#.#.(......#
..<.(.(.....#
.#.#((........
...(.....$..###
...$........#
......###### ######


You could see Grinder.

Vanquished Creatures
  Sigmund (D:2)
  Terence (D:2)
  3 adders
  2 oozes (D:3)
  2 worms
  6 dart slugs
  6 leopard geckos
  3 orcs
  2 ball pythons
  A giant cockroach (D:1)
  12 goblins
  13 hobgoblins
  5 jackals
  3 quokkas (D:2)
  9 bats
  5 frilled lizards
  8 kobolds
  6 rats (D:1)
  A fungus (D:2)
89 creatures vanquished.

Notes
Turn   | Place    | Note
-------+----------+-------------------------------------------
     0 | D:1      | Norn the Halfling Hunter began the quest for the Orb.
     0 | D:1      | Reached XP level 1. HP: 14/14 MP: 1/1
   404 | D:1      | Reached skill level 6 in Slings
   421 | D:1      | Reached XP level 2. HP: 19/19 MP: 2/2
   536 | D:1      | Found a glowing golden altar of the Shining One.
   548 | D:1      | Reached XP level 3. HP: 24/24 MP: 3/3
  1256 | D:2      | Found an iron altar of Okawaru.
  1268 | D:2      | Reached XP level 4. HP: 25/29 MP: 4/4
  1317 | D:2      | Became a worshipper of Warmaster Okawaru
  1437 | D:2      | Reached skill level 7 in Slings
  1861 | D:2      | Noticed Terence
  2044 | D:2      | Killed Terence
  2044 | D:2      | Reached XP level 5. HP: 16/35 MP: 5/5
  2318 | D:2      | Found a blossoming altar of Fedhas.
  2505 | D:2      | Noticed Sigmund
  2522 | D:2      | Killed Sigmund
  2522 | D:2      | Reached skill level 8 in Slings
  2522 | D:2      | Reached XP level 6. HP: 19/42 MP: 6/6
  2900 | D:2      | Found a runed translucent door.
  2901 | D:2      | Noticed Crazy Yiuf
  3038 | D:3      | Found a sacrificial altar of Ru.
  3251 | D:3      | Reached * piety under Okawaru
  3347 | D:3      | Noticed Grinder
  3361 | D:3      | Paralysed by Grinder for 7 turns
  3369 | D:3      | Slain by Grinder

Skill      XL: |  1  2  3  4  5 |
---------------+----------------+-----
Slings         | 6 7 8 |  8.8
Fighting       | 2 3 |  3.3
Dodging        | 3 4 |  4.1
Stealth        | |  1.1

Action                   |  1- 3 |  4- 6 || total
-------------------------+-------+-------++-------
Melee: Short sword       |    40 |     1 ||    41
       Dagger            |    42 |   115 ||   157
 Fire: Hunting sling     |    45 |   153 ||   198
  Use: Potion            |       |     1 ||     1
 Stab: Sleeping          |       |     1 ||     1
  Eat: Chunk             |     1 |     6 ||     7
Armor: Leather armour    |    12 |    39 ||    51
Dodge: Dodged            |    83 |   145 ||   228
